 Dungeon Crawl Stone Soup version 0.28.0-49-g6dfe1f597d (webtiles) character file.

Game seed: 9773014868302476744

26 Exodus22XD the Sneak (level 3, 19/19 HPs)
             Began as a Kobold Enchanter on May 15, 2022.
             Was a Follower of Trog.
             Quit the game on level 2 of the Dungeon.
             The game lasted 00:00:57 (1566 turns).

Exodus22XD the Sneak (Kobold Enchanter)             Turns: 1566, Time: 00:00:58

Health: 19/19      AC:  3    Str:  5    XL:     3   Next: 22%
Magic:  6/6        EV: 15    Int: 16    God:    Trog [*.....]
Gold:   53         SH:  0    Dex: 17    Spells: 4/6 levels left

rFire   . . .      SeeInvis .   a - +1 dagger
rCold   . . .      Faith    .   (no shield)
rNeg    . . .      Spirit   .   b - +0 robe
rPois   .          Reflect  .   (no helmet)
rElec   .          Harm     .   (no cloak)
rCorr   .          Rampage  .   (no gloves)
Will    .....                   d - +0 pair of boots
Stlth   ++++......              (no amulet)
HPRegen 0.06/turn               (no ring)
MPRegen 0.10/turn               (no ring)

@: no status effects
A: small, no large weapons, nightstalker 3
a: Renounce Religion, Berserk


You were on level 2 of the Dungeon.
You worshipped Trog.
Trog was aware of your devotion.
You visited 1 branch of the dungeon, and saw 2 of its levels.

You collected 53 gold pieces.

Inventory:

Hand Weapons
 a - a +1 dagger (weapon)
Armour
 b - a +0 robe (worn)
 d - a +0 pair of boots (worn)
Scrolls
 e - a scroll of magic mapping {unknown}
 g - a scroll of enchant weapon {unknown}
Potions
 c - a potion of invisibility
 f - a potion of ambrosia {unknown}


   Skills:
 - Level 1.3 Short Blades
 - Level 2.4 Dodging
 + Level 5.8 Stealth
 - Level 2.1 Spellcasting
 - Level 3.0 Hexes


You had 4 spell levels left.
You knew the following spells:

 Your Spells              Type           Power      Damage    Failure   Level
a - Ensorcelled Hibernat  Hex/Ice        12%        N/A       17%         2

Your spell library contained the following spells:

 Spells                   Type           Power      Damage    Failure   Level
 Confusing Touch          Hex            11%        N/A       19%         3
 Tukima's Dance           Hex            11%        N/A       19%         3
 Dazzling Flash           Conj/Hex       12%        N/A       32%         3
 Alistair's Intoxication  Tmut/Pois      0%         N/A       99%         5
 Borgnjor's Vile Clutch   Necr/Erth      0%         N/A       99%         5
 Eringya's Noxious Bog    Tmut/Pois      0%         N/A       100%        6


Dungeon Overview and Level Annotations

Branches:
Dungeon (2/15)

Altars:
Trog


Innate Abilities, Weirdness & Mutations

You are small and have problems with some larger weapons.
You are completely attuned to the shadows.


Message History

A kobold is nearby!
A kobold is nearby!
A rat comes into view.
There are monsters nearby!
The helpless kobold fails to defend itself.
You impale the kobold!!
You kill the kobold!
A rat is nearby!
A rat is nearby!
A rat is nearby!
The rat closely misses you.
A rat is nearby!
You hit the rat but do no damage. The rat misses you.
A rat is nearby!
You hit the rat but do no damage. The rat barely misses you.
A rat is nearby!
You barely miss the rat. The rat bites you but does no damage.
A rat is nearby!
You hit the rat but do no damage. The rat misses you.
A rat is nearby!
You hit the rat but do no damage. The rat closely misses you.
You hit the rat.
You kill the rat!
A goblin comes into view. It is wielding a +0 club.
A goblin is nearby!
The helpless goblin fails to defend itself.
You impale the goblin!!
You kill the goblin!
Things that are here:
a +0 club; a goblin corpse No target in view!
No target in view!
Found a faded altar of an unknown god.
A worm comes into view.
There is a faded altar of an unknown god here.
You cannot tell which god this altar belongs to.
Convert to them anyway?
Trog accepts your prayer! Trog welcomes you!
You can now go berserk at will.
Are you sure you want to abandon this character and quit the game? (Confirm with "yes".)

#.# ##.P #.#
#.....
###.#####...PP
#.......#.P.....
#.....)#..PP.....
#.....##..P..Pw.P
#.....##..PP....P
#.....##.........
#### #####@###
....P....
....P....


PP....... .P...P... You could see a worm (wandering).

Vanquished Creatures
  A dart slug (D:1)
  2 endoplasms (D:1)
  A giant cockroach (D:1)
  4 goblins
  2 hobgoblins (D:1)
  A quokka (D:1)
  3 ball pythons (D:1)
  2 bats (D:1)
  2 frilled lizards
  3 kobolds
  2 rats
23 creatures vanquished.

Vanquished Creatures (others)
  6 demonic plants (D:2)
  A fungus (D:2)
  A plant (D:2)
  3 withered plants (D:2)
11 creatures vanquished.

Grand Total: 34 creatures vanquished

Notes
Turn   | Place    | Note
-------+----------+-------------------------------------------
     0 | D:1      | Exodus22XD the Kobold Enchanter began the quest for the
                  | Orb.
     0 | D:1      | Reached XP level 1. HP: 10/10 MP: 3/3
   211 | D:1      | Reached XP level 2. HP: 15/15 MP: 5/5
   214 | D:1      | Learned a level 2 spell: Ensorcelled Hibernation
   300 | D:1      | Reached skill level 5 in Stealth
  1073 | D:1      | Reached XP level 3. HP: 14/19 MP: 6/6
  1559 | D:2      | Found a faded altar of an unknown god.
  1565 | D:2      | Prayed at the altar of an unknown god.
  1565 | D:2      | Became a worshipper of Trog the Wrathful
  1565 | D:2      | Reached * piety under Trog
  1566 | D:2      | Quit the game

Illustrated notes

Levels and vault maps discovered:
D:1:      mrwooster_arrival_statue_2, layout_loops_cross
D:2:      minmay_evil_eye, layout_loops_cross, shapermc_ecumenical_altar_gd

Skill      XL: |  1  2 |
---------------+-------+-----
Stealth        | 5 |  5.8
Short Blades   | |  1.3
Dodging        | |  2.4
Spellcasting   | |  2.1
Hexes          | |  3.0

Action                   || total
-------------------------++-------
Melee: Dagger            ||    69
 Cast: Ensorcelled Hiber ||     1
 Stab: Sleeping          ||    15
Armor: Robe              ||     9
Dodge: Dodged            ||    28
